 Dungeon Crawl Stone Soup version 0.26.1-10-gdfb7c7de75 (webtiles) character file.

Game seed: 6601728079419873358

1073 Almogavar the Magician (level 8, -3/58 HPs)
             Began as a Gnoll Wanderer on Apr 9, 2021.
             Slain by a mummy (17 damage)
             ... in an ossuary.
             The game lasted 00:30:09 (8128 turns).

Almogavar the Magician (Gnoll Wanderer)             Turns: 8128, Time: 00:30:09

Health: -3/58      AC:  6    Str: 14    XL:     8   Next: 28%
Magic:  12/17      EV: 13    Int: 12    God:
Gold:   219        SH:  6    Dex: 20    Spells: 17/19 levels left

rFire    + . .     SeeInvis .   s - +0 dagger (venom)
rCold    . . .     Faith    .   l - +0 buckler
rNeg     . . .     Spirit   .   t - +0 leather armour
rPois    .         Reflect  .   (helmet currently unavailable)
rElec    .         Harm     .   x - +2 cloak
rCorr    .         Rampage  .   (no gloves)
Will     .....                  (boots currently unavailable)
Stlth    ++........             (no amulet)
HPRegen  0.19/turn              d - ring of protection from fire
MPRegen  0.15/turn              (no ring)

@: appendages
A: distributed training, fangs 1, horns 2, talons 2, strong nose
a: End Transformation


You were in an ossuary.
You had grown temporary horns.
You had grown temporary talons.
You visited 1 branch of the dungeon, and saw 5 of its levels.
You also visited: Sewer and Ossuary.

You collected 219 gold pieces.

Inventory:

Hand Weapons
 s - a +0 dagger of venom (weapon)
 y - a +4 quarterstaff of chaos
Armour
 h - a +0 ring mail
 l - a +0 buckler (worn)
 n - a +0 chain mail
 t - a +0 leather armour (worn)
 u - a +1 hat (melded)
 x - a +2 cloak (worn)
Jewellery
 d - a ring of protection from fire (left hand)
Wands
 r - a wand of iceblast (8)
Scrolls
 f - 2 scrolls of fear
 g - 5 scrolls of teleportation
 j - 5 scrolls of remove curse
 k - a scroll of blinking
 o - a scroll of amnesia {unknown}
 p - a scroll of noise {unknown}
 v - 2 scrolls of magic mapping
Potions
 a - 3 potions of flight
 b - 3 potions of might
 c - a potion of attraction {unknown}
 e - 3 potions of heal wounds {unknown}
 i - 2 potions of degeneration {unknown}
 m - a potion of invisibility {unknown}
 q - 2 potions of ambrosia {unknown}
 w - a potion of resistance {unknown}


   Skills:
 + Level 3.1 Fighting
 + Level 3.1 Short Blades
 + Level 3.1 Long Blades
 + Level 3.1 Axes
 + Level 3.1 Maces & Flails
 + Level 3.1 Polearms
 + Level 3.1 Staves
 + Level 3.1 Slings
 + Level 3.1 Bows
 + Level 3.1 Crossbows
 + Level 3.1 Throwing
 + Level 3.1 Armour
 + Level 3.1 Dodging
 + Level 3.1 Stealth
 + Level 5.6 Shields
 + Level 3.1 Unarmed Combat
 + Level 6.0 Spellcasting
 + Level 2.5 Conjurations
 + Level 2.5 Hexes
 + Level 2.5 Summonings
 + Level 4.6 Necromancy
 + Level 3.4 Translocations
 + Level 3.4 Transmutations
 + Level 2.5 Fire Magic
 + Level 4.6 Ice Magic
 + Level 2.5 Air Magic
 + Level 2.5 Earth Magic
 + Level 2.5 Poison Magic
 + Level 3.4 Invocations
 + Level 3.1 Evocations


You had 17 spell levels left.
You knew the following spells:

 Your Spells              Type           Power        Failure   Level
a - Freeze                Ice            56%          3%          1
b - Beastly Appendage     Tmut           22%          5%          1

Your spell library contained the following spells:

 Spells                   Type           Power        Failure   Level
 Summon Small Mammal      Summ           36%          8%          1
 Wereblood                Tmut           11%          9%          2
 Ozocubu's Armour         Ice            14%          10%         3
 Spider Form              Tmut/Pois      5%           21%         3
 Summon Guardian Golem    Hex/Summ       9%           24%         3
 Ice Form                 Ice/Tmut       13%          38%         4
 Blade Hands              Tmut           5%           83%         5


Dungeon Overview and Level Annotations

Branches:
Dungeon (5/15)              Sewer (visited)         Ossuary (1/1)
 Temple: D:4-7

Altars:
Nemelex Xobeh

Annotations:
D:4 2 transporters, FishyPogo's ghost, amateur DrTm


Innate Abilities, Weirdness & Mutations

Your experience applies equally to all skills.
You have very sharp teeth.
Your uncanny sense of smell can sniff out nearby items.
You have a pair of horns on your head.
You have razor-sharp toenails.


Message History

You grow a pair of large bovine horns.
Your feet morph into talons.
Your +1 hat melds into your body.
You hit the mummy.
The mummy is moderately damaged.
The orc zombie barely misses you. The mummy hits you but does no damage.
You hit the mummy but do no damage. You claw the mummy, but do no damage.
You headbutt the mummy! You bite the mummy, but do no damage.
The mummy is severely damaged.
The orc zombie misses you.
You hit the mummy but do no damage. You claw the mummy.
You headbutt the mummy, but do no damage.
The mummy is almost destroyed.
You block the mummy's attack.
You hit the mummy.
The mummy is almost destroyed.
The orc zombie misses you.
You hit the mummy.
The mummy is almost destroyed.
The mummy hits you!
You die...

...........
..........
..........
.......#
......#
#ZZ..# ∆
#MZ..# ∆
#@...# ∆
#....# ∆ ∆∆
#....# ∆
∆∆∆ #....#
∆∆ ∆∆
#....# ∆∆ ∆
#....# ∆∆ ∆
#.∩∩.# ∆∆
######


You could see a mummy, 2 kobold zombies and an orc zombie.

Vanquished Creatures
  Prince Ribbit (D:5)
  Eustachio (D:4)
  An ogre (D:4)
  A scorpion (D:3)
  A howler monkey (D:4)
  A hound (D:4)
  2 orc priests (D:5)
  Crazy Yiuf (D:4)
  Jessica (D:3)
  Ijyb (D:3)
  Natasha (thrice) (D:2)
  A worker ant (D:5)
  3 mummies (Ossuary)
  3 gnolls (D:4)
  7 adders
  8 oozes
  6 worms
  A dart slug (D:2)
  5 leopard geckos
  3 orcs (D:5)
  A ball python (Sewer)
  14 bats
  6 giant cockroaches
  6 hobgoblins
  15 jackals
  4 quokkas
  6 frilled lizards
  2 gnoll zombies (Ossuary)
  8 goblins
  12 kobolds
  2 kobold zombies (Ossuary)
  9 rats
136 creatures vanquished.

Vanquished Creatures (others)
  6 plants (D:4)
6 creatures vanquished.

Grand Total: 142 creatures vanquished

Notes
Turn   | Place    | Note
-------+----------+-------------------------------------------
     0 | D:1      | Almogavar the Gnoll Wanderer began the quest for the Orb.
     0 | D:1      | Almogavar set off with the following items: a +0 dagger, a
                  | +0 robe; and the following spells available to memorise:
                  | Freeze, Beastly Appendage, Ozocubu's Armour, Wereblood,
                  | Summon Small Mammal, Spider Form, Summon Guardian Golem,
                  | Ice Form, Blade Hands
     0 | D:1      | Reached XP level 1. HP: 13/13 MP: 6/6
   668 | D:1      | Reached XP level 2. HP: 11/19 MP: 7/7
  1625 | D:1      | Learned a level 1 spell: Freeze
  1755 | D:1      | Reached XP level 3. HP: 25/25 MP: 7/9
  1761 | D:1      | Reached skill level 5 in Spellcasting
  2245 | D:2      | Reached skill level 1 in Invocations
  2279 | D:2      | Found a sparkling altar of Nemelex Xobeh.
  2410 | D:2      | Noticed Natasha
  2417 | D:2      | Killed Natasha
  2418 | D:2      | Reached skill level 1 in Fighting
  2418 | D:2      | Reached skill level 1 in Short Blades
  2418 | D:2      | Reached skill level 1 in Long Blades
  2418 | D:2      | Reached skill level 1 in Axes
  2418 | D:2      | Reached skill level 1 in Maces & Flails
  2418 | D:2      | Reached skill level 1 in Polearms
  2418 | D:2      | Reached skill level 1 in Staves
  2418 | D:2      | Reached skill level 1 in Slings
  2418 | D:2      | Reached skill level 1 in Bows
  2418 | D:2      | Reached skill level 1 in Crossbows
  2418 | D:2      | Reached skill level 1 in Throwing
  2418 | D:2      | Reached skill level 1 in Armour
  2418 | D:2      | Reached skill level 1 in Dodging
  2418 | D:2      | Reached skill level 1 in Stealth
  2418 | D:2      | Reached skill level 1 in Unarmed Combat
  2418 | D:2      | Reached skill level 1 in Evocations
  2418 | D:2      | Reached XP level 4. HP: 22/32 MP: 7/11
  2667 | D:2      | Noticed Natasha
  2726 | D:2      | Killed Natasha
  2727 | D:2      | Reached skill level 1 in Conjurations
  2727 | D:2      | Reached skill level 1 in Hexes
  2727 | D:2      | Reached skill level 1 in Summonings
  2727 | D:2      | Reached skill level 1 in Fire Magic
  2727 | D:2      | Reached skill level 1 in Air Magic
  2727 | D:2      | Reached skill level 1 in Earth Magic
  2727 | D:2      | Reached skill level 1 in Poison Magic
  2732 | D:2      | Noticed Natasha
  2749 | D:2      | Killed Natasha
  2750 | D:2      | Reached XP level 5. HP: 28/37 MP: 8/12
  4047 | D:3      | Noticed Jessica
  4055 | D:3      | Killed Jessica
  4456 | D:3      | Reached XP level 6. HP: 37/44 MP: 8/14
  4667 | D:3      | Noticed Ijyb
  4674 | D:3      | Killed Ijyb
  4675 | D:3      | Reached skill level 5 in Shields
  5144 | D:4      | Noticed Eustachio
  5189 | D:4      | Found a glowing drain.
  5201 | Sewer    | Entered a sewer
  6239 | D:4      | Reached XP level 7. HP: 30/50 MP: 1/15
  6252 | D:4      | Killed Eustachio
  6898 | D:4      | Found a transporter.
  6899 | D:4      | Found a transporter.
  7482 | D:4      | Found a runed translucent door.
  7483 | D:4      | Noticed Crazy Yiuf
  7548 | D:4      | Killed Crazy Yiuf
  7654 | D:4      | Noticed FishyPogo's ghost (amateur DrTm)
  7666 | D:5      | Entered Level 5 of the Dungeon
  7838 | D:5      | Noticed Prince Ribbit
  7872 | D:5      | Killed Prince Ribbit
  7873 | D:5      | Reached XP level 8. HP: 35/58 MP: 10/16
  8042 | D:5      | Found a sand-covered staircase.
  8046 | Ossuary  | Entered an ossuary
  8095 | Ossuary  | Learned a level 1 spell: Beastly Appendage
  8121 | Ossuary  | Reached skill level 6 in Spellcasting
  8128 | Ossuary  | Slain by a mummy

Illustrated notes

Levels and vault maps discovered:
D:1:      dpeg_arrival_subterranean_lakeside_camping, layout_loops_corners
D:2:      minmay_alternating_diamond, layout_loops_ring, minmay_statues_item,
          nemelex_xobeh_ov_fountains_minmay, uniq_natasha
D:3:      layout_loops_cross, uniq_ijyb, uniq_jessica
D:4:      layout_layer_cave, portal_sewer_entry_d,
          gammafunk_ghost_gnarly_gnolls, uniq_crazy_yiuf_cottage, uniq_eustachio
D:5:      layout_basic, serial_shops, shop,
          nicolae_ossuary_entry_false_entrances, uniq_prince_ribbit1
Ossuary:  ossuary_tomb_3

Skill      XL: |  1  2  3  4  5  6  7  8 |
---------------+-------------------------+-----
Translocations | 2 3 |  3.4
Transmutations | 2 3 |  3.4
Spellcasting   | 5 6 |  6.0
Invocations    | 1 2 3 |  3.4
Fighting       | 1 2 3 |  3.1
Short Blades   | 1 2 3 |  3.1
Long Blades    | 1 2 3 |  3.1
Axes           | 1 2 3 |  3.1
Maces & Flails | 1 2 3 |  3.1
Polearms       | 1 2 3 |  3.1
Staves         | 1 2 3 |  3.1
Slings         | 1 2 3 |  3.1
Bows           | 1 2 3 |  3.1
Crossbows      | 1 2 3 |  3.1
Throwing       | 1 2 3 |  3.1
Armour         | 1 2 3 |  3.1
Dodging        | 1 2 3 |  3.1
Stealth        | 1 2 3 |  3.1
Unarmed Combat | 1 2 3 |  3.1
Evocations     | 1 2 3 |  3.1
Conjurations   | 1 2 |  2.5
Hexes          | 1 2 |  2.5
Summonings     | 1 2 |  2.5
Fire Magic     | 1 2 |  2.5
Air Magic      | 1 2 |  2.5
Earth Magic    | 1 2 |  2.5
Poison Magic   | 1 2 |  2.5
Necromancy     | 4 |  4.6
Ice Magic      | 4 |  4.6
Shields        | 5 |  5.6

Action                   |  1- 3 |  4- 6 |  7- 9 || total
-------------------------+-------+-------+-------++-------
Melee: Dagger            |   120 |   107 |   127 ||   354
       Bite              |    16 |    16 |    21 ||    53
       Kick              |       |       |     7 ||     7
       Headbutt          |       |       |     7 ||     7
 Cast: Freeze            |    19 |   135 |    48 ||   202
       Beastly Appendage |       |       |     3 ||     3
  Use: Scroll            |       |     9 |     2 ||    11
       Potion            |       |     1 |       ||     1
 Stab: Sleeping          |     3 |       |     1 ||     4
Armor: Robe              |    26 |     6 |       ||    32
       Leather armour    |       |    31 |    43 ||    74
Dodge: Dodged            |    81 |   128 |    81 ||   290
Block: Buckler           |       |    46 |    43 ||    89
